 Dungeon Crawl Stone Soup version 0.27-a0-1140-g099f9bb0e8 (webtiles) character file.

Game seed: 7672140515718462301

9 wakim the Poker (level 2, -3/23 HPs)
             Began as a Merfolk Gladiator on May 8, 2021.
             Killed by nerve-wracking pain
             ... invoked by Jessica
              (12 damage)
             ... on level 2 of the Dungeon.
             The game lasted 00:04:53 (1142 turns).

wakim the Poker (Merfolk Gladiator)                 Turns: 1142, Time: 00:04:53

Health: -3/23      AC:  6    Str: 20    XL:     2   Next: 12%
Magic:  2/2        EV: 12    Int:  7    God:
Gold:   48         SH:  0    Dex: 15    Spells: 1/1 levels left

rFire    . . .     SeeInvis .   a - +0 trident
rCold    . . .     Faith    .   (no shield)
rNeg     . . .     Spirit   .   f - +0 ring mail
rPois    .         Reflect  .   c - +0 helmet
rElec    .         Harm     .   (no cloak)
rCorr    .         Rampage  .   (no gloves)
Will     .....                  (no boots)
Stlth    +.........             (no amulet)
HPRegen  0.07/turn              i - +6 ring of strength
MPRegen  0.08/turn              (no ring)

@: slowed, very slow
A: (nimble swimmer 2), mertail
a: no special abilities


You were on level 2 of the Dungeon.
You visited 1 branch of the dungeon, and saw 2 of its levels.

You collected 48 gold pieces.

Inventory:

Hand Weapons
 a - a +0 trident (weapon)
 e - a +0 hunting sling
Missiles
 d - 3 throwing nets (quivered) {=f!f}
Armour
 c - a +0 helmet (worn)
 f - a +0 ring mail (worn)
Jewellery
 i - a +6 ring of strength (left hand)
Potions
 g - a potion of heal wounds {unknown}
 L - a potion of lignification {!q}


   Skills:
 + Level 2.4 Fighting
 * Level 4.8 Polearms
 + Level 2.1 Throwing
 + Level 4.1 Dodging


You had one spell level left.
You didn't know any spells.
Your spell library contained the following spells:

 Spells                   Type           Power      Damage    Failure   Level
 Summon Small Mammal      Summ           0%         N/A       63%         1
 Call Imp                 Summ           0%         N/A       77%         2
 Call Canine Familiar     Summ           0%         N/A       94%         3
 Summon Guardian Golem    Hex/Summ       0%         N/A       94%         3
 Summon Ice Beast         Ice/Summ       0%         N/A       100%        4
 Summon Lightning Spire   Summ/Air       0%         N/A       100%        4


Dungeon Overview and Level Annotations

Branches:
Dungeon (1/15)

Altars:

Shops:
D:1 !

Annotations:
D:2 Jessica


Innate Abilities, Weirdness & Mutations

((You are quick and stealthy near water. (Stealth+, EV+, Speed+++)))
Your lower body shifts to a powerful aquatic tail in water.


Message History

You kill the goblin!
Jessica gestures wildly while chanting.
Jessica blinks!
You have reached level 2!
You reach to attack!
You hit the kobold but do no damage. You hit the kobold.
You kill the kobold!
Jessica casts a spell at you. You resist with some effort.
Jessica looks very angry.
Jessica looks very angry.
Jessica points at you and mumbles some strange words.
Pain shoots through your body!
You reach to attack!
You closely miss Jessica.
Jessica shouts, "You're disturbing me!
I'll have to kill you!"
You hit Jessica but do no damage. Jessica closely misses you.
You closely miss Jessica.
Jessica mumbles some strange words.
Jessica blinks!
Jessica gestures at you while chanting.
You feel yourself slow down.
Okay, then.
You reach to attack!
You hit Jessica.
Jessica is lightly wounded.
Jessica barely misses you.
You closely miss Jessica.
Jessica is lightly wounded.
Jessica hits you with a +0 club.
* * * LOW HITPOINT WARNING * * *
Jessica barely misses you.
You closely miss Jessica.
Jessica is lightly wounded.
Jessica hits you with a +0 club.
* * * LOW HITPOINT WARNING * * *
You barely miss Jessica.
Jessica is lightly wounded.
Jessica gestures at you while chanting. Pain shoots through your body!
Ouch! That really hurt!
You die...

..........#
..........#
......$...#
.......?..#
..........#
..........#
..........#
........@.#
.......))@#
###########


You could see Jessica.

Vanquished Creatures
  3 goblins
  A kobold (D:2)
  A frilled lizard (D:1)
  4 rats (D:1)
9 creatures vanquished.

Notes
Turn   | Place    | Note
-------+----------+-------------------------------------------
     0 | D:1      | wakim the Merfolk Gladiator began the quest for the Orb.
     0 | D:1      | Reached XP level 1. HP: 16/16 MP: 1/1
   421 | D:1      | Found a faded altar of an unknown god.
   926 | D:1      | Found Towoumol's Distillery.
  1114 | D:1      | You fall into a shaft and drop 1 floor!
  1114 | D:2      | Noticed Jessica
  1122 | D:2      | Reached XP level 2. HP: 23/23 MP: 2/2
  1142 | D:2      | Killed from afar by Jessica

Illustrated notes

Levels and vault maps discovered:
D:1:      sevenhm_arrival_forest_fort_small_4, layout_basic,
          shapermc_ecumenical_altar_mp_ritualfount, serial_shops,
          nicolae_shop_behind_doors
D:2:      layout_basic, basic_altar, minmay_misc_feat_tower, uniq_jessica,
          uniq_robin

Action                   || total
-------------------------++-------
Melee: Trident           ||    24
  Use: Scroll            ||     1
Armor: Leather armour    ||     2
Dodge: Dodged            ||     6

Table legend: (Time is in decaauts)
 A = Elapsed time spent in this place.
 B = Non-inter-level travel time spent in this place.
 C = Inter-level travel time spent in this place.
 D = Time resting spent in this place.
 E = Time spent auto-exploring this place.
 F = Levels seen in this place.
 G = Mean time per level.
                   A        B        C        D        E       F      G
               +--------+--------+--------+--------+--------+-----+--------+
         Total |   1136 |   1136 |      0 |      0 |    989 |   2 |  568.0 |
       Dungeon |   1136 |   1136 |      0 |      0 |    989 |   2 |  568.0 |
               +--------+--------+--------+--------+--------+-----+--------+

Top non-repeatable levels by time:
     D:1: 1106 daAuts
     D:2: 30 daAuts
